 Dungeon Crawl Stone Soup version 0.28.0 (webtiles) character file.

Game seed: 7083985383039278057

31 RighteousDevil the Slasher (level 3, -6/31 HPs)
             Began as a Palentonga Chaos Knight on Feb 9, 2022.
             Was a Plaything of Xom.
             Mangled by Terence (7 damage)
             ... on level 2 of the Dungeon.
             The game lasted 00:02:15 (1344 turns).

RighteousDevil the Slasher (PaCK)                   Turns: 1344, Time: 00:02:16

Health: -6/31      AC:  6    Str: 17    XL:     3   Next: 7%
Magic:  3/3        EV:  9    Int: 12    God:    Xom [..*...]
Gold:   24         SH:  0    Dex:  9    Spells: 2/2 levels left

rFire   . . .      SeeInvis +   a - +0 falchion (chaos)
rCold   . . .      Faith    .   (no shield)
rNeg    . . .      Spirit   .   b - +2 leather armour
rPois   .          Reflect  .   (no helmet)
rElec   .          Harm     .   (no cloak)
rCorr   .          Rampage  .   (no gloves)
Will    .....                   (no barding)
Stlth   +.........              (no amulet)
HPRegen 0.10/turn               d - ring of wizardry
MPRegen 0.08/turn               (no ring)

@: no status effects
A: large, rugged brown scales 3, see invisible, deformed body, roll 1, armoured
tail
a: Rolling Charge, Renounce Religion


You were on level 2 of the Dungeon.
You worshipped Xom.
You were a toy of Xom.
You visited 1 branch of the dungeon, and saw 2 of its levels.

You collected 24 gold pieces.

Inventory:

Hand Weapons
 a - a +0 falchion of chaos (weapon)
Armour
 b - a +2 leather armour (worn)
Jewellery
 d - a ring of wizardry (left hand)
Scrolls
 e - a scroll of magic mapping {unknown}
 f - 2 scrolls of teleportation


   Skills:
 - Level 3.0 Fighting
 + Level 4.2 Long Blades
 - Level 1.5 Armour
 - Level 0.7 Dodging


You had 2 spell levels left.
You didn't know any spells.
Your spell library was empty.

Dungeon Overview and Level Annotations

Branches:
Dungeon (2/15)

Altars:

Annotations:
D:2 Natasha, Terence


Innate Abilities, Weirdness & Mutations

You are completely covered in rugged brown scales. (AC +3, +7% HP)
You have supernaturally acute eyesight. (SInv)
Armour fits poorly on your strangely shaped body.
You can roll at nearby foes to attack.
You have a long armoured tail.


Message History

Unknown command.
You hit Terence but do no damage.
Terence is severely wounded.
Terence closely misses you.
You barely miss Terence. You tail-slap Terence.
Terence is severely wounded.
Terence hits you with a +0 flail.
You closely miss Terence.
You tail-slap Terence, but do no damage.
Terence is severely wounded.
Terence hits you with a +0 flail.
You hit Terence.
Your tail-slap misses Terence.
Terence is almost dead.
Terence hits you but does no damage.
You closely miss Terence.
Terence is almost dead.
Terence barely misses you.
You miss Terence.
Terence is almost dead.
Terence barely misses you.
You completely miss Terence.
Your tail-slap misses Terence.
Terence is almost dead.
Terence hits you with a +0 flail.
* * * LOW HITPOINT WARNING * * *
You closely miss Terence.
Terence is almost dead.
Terence barely misses you. Terence hits you with a +0 flail.
* * * LOW HITPOINT WARNING * * *
You aren't carrying any potions.
You barely miss Terence.
Terence is almost dead.
Terence hits you with a +0 flail.
* * * LOW HITPOINT WARNING * * *
You closely miss Terence.
Terence is almost dead.
Terence barely misses you.
You miss Terence.
Your tail-slap misses Terence.
Terence is almost dead.
Terence hits you with a +0 flail!
You die...

### ...##
###############.$...#
.............@@$....#
#...........######.[(..#
..#########.# ...## ###
#.# .## ###### ##.## #
...... ##...## #####.
##.....## #.......#
#.##.......#


You could see Terence (agile, drained).

Vanquished Creatures
  2 adders (D:2)
  A ball python (D:2)
  3 endoplasms
  A goblin (D:2)
  A kobold (D:2)
  A quokka (D:1)
  2 bats
  A frilled lizard (D:1)
  A rat (D:1)
13 creatures vanquished.

Notes
Turn   | Place    | Note
-------+----------+-------------------------------------------
     0 | D:1      | RighteousDevil the Palentonga Chaos Knight began the quest
                  | for the Orb.
     0 | D:1      | Reached XP level 1. HP: 19/19 MP: 1/1
   134 | D:1      | XOM: divination: magic mapping
   204 | D:1      | XOM: 1-stop teleportation journey
   217 | D:1      | Found a faded altar of an unknown god.
   217 | D:1      | XOM: 3-stop teleportation journey
   585 | D:1      | XOM: cloud trail
   694 | D:1      | XOM: polymorph bat -> quokka
   859 | D:2      | Reached XP level 2. HP: 21/25 MP: 2/2
   974 | D:2      | Noticed Natasha
  1032 | D:2      | Reached skill level 4 in Long Blades
  1259 | D:2      | Reached XP level 3. HP: 30/31 MP: 3/3
  1321 | D:2      | Noticed Terence
  1329 | D:2      | XOM: god gift: book of Necromancy
  1342 | D:2      | HP: 1/31 [Terence (4)]
  1344 | D:2      | Mangled by Terence

Illustrated notes

Levels and vault maps discovered:
D:1:      dpeg_arrival_connections, layout_basic,
          chequers_ecumenical_altar_lobes
D:2:      layout_loops_ring, uniq_terence, uniq_natasha

Skill      XL: |  1  2 |
---------------+-------+-----
Long Blades    | 4 |  4.2
Fighting       | |  3.0
Armour         | |  1.5
Dodging        | |  0.7

Action                   || total
-------------------------++-------
Melee: Falchion          ||    57
       Tailslap          ||     4
  Use: Scroll            ||     3
Armor: Leather armour    ||    21
Dodge: Dodged            ||    24
